[Event "CCT Julius Baer-D3 2024"]
[Site "Online"]
[Date "2024.09.27"]
[Round "2"]
[White "Svane, Rasmus"]
[Black "Moussard, Jules"]
[Result "0-1"]
[ECO "D35"]
[WhiteElo "2629"]
[BlackElo "2600"]
[Annotator "TA"]
[PlyCount "130"]
[EventDate "2024.09.25"]
[EventType "swiss"]
[EventCountry "NET"]
[SourceTitle "playchess.com"]
[Source "ChessBase"]
[SourceQuality "1"]
[TimeControl "600+2"]

1. c4 e6 2. Nc3 d5 3. d4 Nf6 4. cxd5 exd5 5. Bg5 c6 6. e3 h6 7. Bh4 Be7 8. Bd3 O-O 9. Nge2 Ne8 10. Bg3 Nd6 11. O-O {[%emt 0:00:02] White is slightly better.} Re8 12. Qd2 Bf8 13. f3 Nc4 14. Bxc4 dxc4 15. e4 b5 16. a4 b4 17. Nd1 Ba6 18. Re1 Nd7 19. Qc2 Qa5 (19... c5 $11 20. d5 h5) 20. Ne3 $14 Nb6 21. Red1 ({White should play} 21. Bc7 $14) 21... Rac8 (21... Nd5 $11 22. Bf2 (22. exd5 $2 Rxe3 23. Nf4 cxd5 $19) (22. Nxc4 Bxc4 23. Qxc4 Ne3 $17) 22... Nxe3 23. Bxe3 Rab8) 22. Bf2 (22. Bf4 $14) 22... Rcd8 23. Ng3 Rd7 24. Ng4 (24. Qc1 $5) 24... b3 25. Qc1 c3 ({Better is} 25... Nxa4 $11 26. Be1 (26. Ne5 $2 Rxe5 27. dxe5 Rxd1+ 28. Qxd1 Nxb2 $19) 26... Qb5) 26. Be1 $1 cxb2 (26... Bb4 $14 27. bxc3 Bf8) 27. Qxb2 $16 Bb4 (27... Nc4 $142 28. Qxb3 Qg5) 28. Qxb3 Bxe1 29. Rxe1 {[%emt 0:00:00] Threatens to win with Nf5.} Rxd4 (29... Nc4 $16) 30. Nf5 $18 Rd2 {[%emt 0:00:01] [#]} 31. Nfxh6+ $1 gxh6 32. Nf6+ $2 ({White has to play} 32. Nxh6+ $18 Kh8 33. f4 (33. Qxf7 Qc5+ 34. Kh1 Rf8 $16) (33. Nxf7+ $2 Kg7 $19)) 32... Kf8 $15 {[%emt 0:00:04] Strongly threatening ...Re6.} 33. Qa3+ Re7 $1 {[%emt 0:00:10] ...Nc4 is the strong threat.} 34. Rad1 $2 {[%emt 0:00:06] [#]} (34. Ng8 $17 c5 (34... Rxg2+ $2 35. Kxg2 Qg5+ 36. Kh1 $18) 35. Nxe7) 34... Nc4 $1 $19 (34... Qxa4 $2 35. Qxa4 (35. Rxd2 $2 Qxa3 36. Rdd1 Qc5+ 37. Kh1 Kg7 $19) 35... Nxa4 36. Rxd2 $18) 35. Nh7+ Ke8 36. Nf6+ Kd8 37. Rxd2+ $2 (37. Qc1 Kc8 38. Rxd2 Qxd2 39. Qxd2 Nxd2 40. Rc1) 37... Qxd2 38. Qa1 Ne3 39. Rxe3 Qxe3+ 40. Kh1 Re6 41. h3 Qd2 42. Ng4 Kc7 43. Qg7 Bf1 (43... Qc1+ $142 44. Kh2 Qf4+ 45. Kh1 Rd6) 44. Qxf7+ Kb6 45. Ne3 Qxe3 46. Qxe6 Qf2 47. Qb3+ Kc5 $2 (47... Ka6 $19 {[%csl Gf1][%cal Rf2g2] is more deadly.} 48. Qg8 Ka5) 48. Qc3+ $17 {[%emt 0:00:01] [#]} Kb6 $2 (48... Kd6 $1 $17 49. Qg7 h5 50. e5+ Kd5) 49. Qb3+ $19 {[%emt 0:00:01] Black keeps a firm grip on the game.} Ka6 50. Qg8 Ka5 {[%emt 0:00:02][%cal Oc6c5] ...c5! would now be deadly.} 51. e5 Qe3 52. e6 Kxa4 {[%emt 0:00:03] Hoping for ...Bc4.} 53. Qe8 $2 (53. e7 {is the only way for White.} Qxe7 54. Qa2+ Qa3 55. Qc2+ Ka5 56. Qxc6) 53... Bb5 54. Qd7 a5 55. e7 c5 56. Qg4+ (56. Qd1+ Kb4 57. Qb1+ Kc4 58. Qa2+ Qb3 59. Qxa5) 56... c4 57. Qg6 Qe1+ (57... Qxe7 58. Qc2+ Ka3 (58... Kb4 59. Qb2+ Ka4 60. Qc2+ Kb4 61. Qb2+ Ka4 62. Qc2+ $11) 59. Qc3+ Ka2 (59... Ka4 60. Qc2+ Kb4 61. Qb2+ Ka4 62. Qc2+ $11) 60. Qc2+ Ka1 (60... Ka3 61. Qc3+ Ka2 62. Qc2+ Ka3 $11) 61. Qc1+ Ka2 62. Qc2+ Ka1 (62... Ka3 63. Qc3+ Ka4 64. Qc2+ Ka3 $11) 63. Qc1+ Ka2 64. Qc2+ $11) 58. Kh2 Qe5+ (58... Qxe7 59. Qc2+ Ka3 (59... Kb4 60. Qb2+ Ka4 61. Qc2+ Ka3 62. Qc3+ Ka4 63. Qc2+ $11) 60. Qc3+ Ka2 (60... Ka4 61. Qc2+ Ka3 62. Qc3+ Ka4 63. Qc2+ $11) 61. Qc2+ Ka1 (61... Ka3 62. Qc3+ Ka2 63. Qc2+ Ka1 64. Qc1+ Ka2 65. Qc2+ $11) 62. Qc1+ Ka2 63. Qc2+ Ka3 64. Qc3+ Ka2 (64... Ka4 65. Qc2+ Kb4 66. Qb2+ Ka4 67. Qc2+ $11) 65. Qc2+ $11) 59. Kg1 Qxe7 $2 ({Black should try} 59... c3 $19 {aiming for ...Qc5+.} 60. Qc2+ Kb4 61. Qb1+ Kc5) 60. Qxh6 $2 (60. Qc2+ $11 Kb4 61. Qb2+ Ka4 62. Qc2+ Ka3 (62... Kb4 63. Qb2+ Ka4 64. Qc2+ $11) 63. Qc3+ Ka4 64. Qc2+) 60... Qc5+ {[%emt 0:00:01] Black mates.} 61. Kh2 c3 62. Qc1 c2 63. h4 Kb3 64. g4 Qf2+ 65. Kh3 Bf1+ {[%emt 0:00:02] Weighted Error Value: White=0.63/Black=0.49.  Loses game:     	White=1     	---        Missed win:     	White=1     	Black=1      Mistake:       	White=5     	Black=7      Inaccurate:     	White=3     	Black=4      OK:         	White=15    	Black=8      Best:        	White=5     	Black=7      Strong:       	White=1     	Black=2} 0-1

[Event "CCT Julius Baer-D3 2024"]
[Site "Online"]
[Date "2024.09.27"]
[Round "2"]
[White "Santos Latasa, Jaime"]
[Black "Keymer, Vincent"]
[Result "1/2-1/2"]
[ECO "C54"]
[WhiteElo "2624"]
[BlackElo "2730"]
[Annotator "RC"]
[PlyCount "88"]
[EventDate "2024.09.25"]
[EventType "swiss"]
[EventCountry "NET"]
[SourceTitle "playchess.com"]
[Source "ChessBase"]
[SourceQuality "1"]
[TimeControl "600+2"]

1. e4 e5 2. Nf3 Nc6 3. Bc4 Nf6 4. d3 Bc5 5. O-O a6 6. c3 Ba7 7. a4 d6 8. Re1 O-O 9. h3 h6 10. Nbd2 Be6 11. Bxe6 fxe6 12. b4 Ne7 13. Nf1 Ng6 14. Ra2 d5 15. exd5 Nxd5 16. Rc2 Qd7 17. a5 Qa4 18. Bd2 Rxf3 19. gxf3 Rf8 20. Nh2 Rf5 21. Be3 c5 22. Rc1 Qe8 23. bxc5 Ngf4 24. Kh1 Qh5 25. Rg1 Nxh3 26. Rg2 Qh4 27. Qd2 Rh5 28. Rg4 Qf6 29. c6 Ng5 30. Bxg5 hxg5 31. Kg2 bxc6 32. Rh1 Nf4+ 33. Rxf4 Qxf4 34. Qxf4 gxf4 35. Rb1 Bxf2 36. Ng4 Be3 37. Rb8+ Kh7 38. Rc8 e4 39. fxe4 Rxa5 40. Rxc6 Rc5 41. Rxa6 Rxc3 42. Rd6 Bc5 43. Rd7 Kg6 44. Kf3 Be3 1/2-1/2

[Event "CCT Julius Baer-D3 2024"]
[Site "Online"]
[Date "2024.09.27"]
[Round "2"]
[White "Theodorou, Nikolas"]
[Black "Makarian, Rudik"]
[Result "1/2-1/2"]
[ECO "B51"]
[WhiteElo "2619"]
[BlackElo "2550"]
[Annotator "TA"]
[PlyCount "121"]
[EventDate "2024.09.25"]
[EventType "swiss"]
[EventCountry "NET"]
[SourceTitle "playchess.com"]
[Source "ChessBase"]
[SourceQuality "1"]
[TimeControl "600+2"]

1. e4 c5 2. Nf3 d6 3. Bb5+ Nd7 4. a4 Ngf6 5. Nc3 g6 6. d4 {[%emt 0:00:01] B51: Sicilian: Moscow Variation (3 Bb5+) without 3...Bd7.} cxd4 7. Nxd4 Bg7 8. O-O a6 9. Bc4 O-O 10. Re1 Qc7 11. Ba2 Nc5 12. h3 $146 ({Predecessor:} 12. Bg5 e6 13. Qd2 Bd7 14. a5 b5 15. axb6 Qxb6 16. Nb3 Rfc8 17. Rad1 Ne8 18. Be3 Nxb3 19. Bxb3 Qb4 20. Bd4 a5 {½-½ Vratny,R (2179)-Vitak,P (2252) CZE-chT2F 1516 2015 (10.32)}) 12... e6 13. Bg5 b6 14. Qf3 Nfd7 15. Rad1 Bb7 16. Qg3 Ne5 17. h4 h5 18. f3 Kh7 19. Kh1 Rac8 20. Nde2 Bc6 21. Bb3 b5 22. axb5 axb5 23. Nd4 b4 24. Nce2 Bd7 25. Be3 Qb7 26. Nf4 Nxb3 27. cxb3 Nc6 28. Nxc6 Rxc6 29. Rd2 Rfc8 30. Red1 Qa6 31. Qg5 Be8 32. Qe7 (32. e5 $11) 32... Kg8 ({Black should play} 32... Qa2 $15) 33. Kh2 (33. Rxd6 $11 Rxd6 34. Qxd6 (34. Rxd6 Qf1+ 35. Kh2 Bf8 $15) 34... Qxd6 35. Rxd6) 33... Qb5 (33... Be5 $17 {White must now prevent ...Qa2.} 34. Kh1 Qa8) 34. Ne2 (34. Rxd6 $11 R6c7 35. Qg5) 34... R6c7 $17 35. Qg5 Qxg5 ({Better is} 35... e5 $17) 36. hxg5 $11 Rc2 37. f4 (37. Nd4 $11 R2c7 38. Ne2) 37... Rxd2 (37... Bxb2 $17 38. Kg3 d5 39. exd5 exd5) 38. Rxd2 $11 Bc6 39. Rc2 Bb7 40. Rxc8+ Bxc8 41. Bd2 $1 Ba6 42. Ng1 Bxb2 43. Bxb4 Bd3 44. Bxd6 Bxe4 45. Nf3 (45. Kg3 $11) 45... f6 ({Black should try} 45... Bxf3 $17 46. gxf3 Bg7) 46. b4 {[%emt 0:00:12] [#]} (46. Kg3 $11) 46... Kf7 (46... Bxf3 $1 $17 47. gxf3 Kf7 48. gxf6 Bxf6) 47. gxf6 (47. Kg3 $11 {remains equal.}) 47... Bxf6 (47... Bxf3 $1 $17 48. gxf3 Bxf6) 48. b5 (48. Ne5+ $11 {keeps the balance.} Ke8 49. Kh3) 48... Bxf3 $17 49. gxf3 Bd8 50. Bc5 {[%emt 0:00:30] [#]} Bc7 (50... Be7 $1 $17 51. Bd4 Ke8) 51. b6 $11 Bxf4+ 52. Kh3 Ke8 53. b7 g5 54. Be3 Bb8 55. Bxg5 Kd7 56. Kh4 Kc6 57. Kxh5 Kxb7 58. Kg6 Kc6 59. f4 Kd5 60. f5 exf5 61. Kxf5 1/2-1/2

[Event "CCT Julius Baer-D3 2024"]
[Site "Online"]
[Date "2024.09.27"]
[Round "2"]
[White "Kamsky, Gata"]
[Black "Sindarov, Javokhir"]
[Result "1/2-1/2"]
[ECO "A48"]
[WhiteElo "2609"]
[BlackElo "2677"]
[Annotator "RC"]
[PlyCount "68"]
[EventDate "2024.09.25"]
[EventType "swiss"]
[EventCountry "NET"]
[SourceTitle "playchess.com"]
[Source "ChessBase"]
[SourceQuality "1"]
[TimeControl "600+2"]

1. d4 Nf6 2. Bf4 g6 3. c3 Bg7 4. Nf3 O-O 5. Nbd2 d6 6. h3 Nfd7 7. e4 e5 8. dxe5 Nxe5 9. Nxe5 dxe5 10. Be3 Qe7 11. Bc4 b6 12. a4 Bb7 13. h4 Ba6 14. h5 Bxc4 15. Nxc4 Qe6 16. Qd5 Qxd5 17. exd5 Nd7 18. hxg6 hxg6 19. O-O-O f5 20. f3 Kf7 21. Kc2 Rh8 22. Na3 a6 23. Nc4 Rxh1 24. Rxh1 b5 25. Na5 Nf6 26. Rd1 Bf8 27. axb5 axb5 28. Nc6 Bd6 29. Bg5 Rh8 30. Na7 b4 31. Nb5 bxc3 32. bxc3 Rh2 33. Rd2 Rh5 34. Bxf6 Kxf6 1/2-1/2

[Event "CCT Julius Baer-D3 2024"]
[Site "Online"]
[Date "2024.09.27"]
[Round "2"]
[White "Yoo, Christopher Woojin"]
[Black "Niemann, Hans Moke"]
[Result "1-0"]
[ECO "D40"]
[WhiteElo "2603"]
[BlackElo "2733"]
[Annotator "TA"]
[PlyCount "77"]
[EventDate "2024.09.25"]
[EventType "swiss"]
[EventCountry "NET"]
[SourceTitle "playchess.com"]
[Source "ChessBase"]
[SourceQuality "1"]
[TimeControl "600+2"]

1. Nf3 d5 2. d4 Nf6 3. c4 e6 4. Nc3 c5 5. e3 Nc6 6. a3 dxc4 7. Bxc4 a6 8. Ba2 b5 9. O-O Bb7 10. d5 exd5 11. Nxd5 c4 12. e4 Be7 {[%emt 0:00:07] The position is equal.} (12... Nxe4 $5 13. Re1 Ne7 14. Rxe4 Qxd5 $11) 13. b3 cxb3 14. Qxb3 {[%emt 0:00:05] White wants to mate with Nxf6+.} O-O 15. Qd3 Nxd5 16. exd5 {[%emt 0:00:04] Hoping for Bb1.} Na5 $1 17. Rd1 $40 {[%emt 0:00:27][%mdl 128] White has some attack.} Bf6 18. Rb1 Rc8 {[%emt 0:00:02] [#]} 19. a4 $1 Rc3 20. Qd2 bxa4 (20... Qc7 $11 21. Bb2 (21. axb5 Rc2 $17) 21... Rc2) 21. Bb2 Nb3 22. Qf4 (22. Bxc3 Nxd2 23. Bxd2 Bxd5 24. Bxd5 Qxd5 $17) 22... Rc8 ({Better is} 22... Qc7 $1 $14 23. Qxa4 Nc5) 23. Ba3 $1 $18 (23. Qxa4 $6 Nc5 24. Qb4 Bxb2 25. Qxb2 (25. Rxb2 Re8 $14) 25... Re8 $14) 23... Re8 24. Qxa4 Na5 25. Re1 {[%emt 0:00:30] Prevents Re2.} (25. Nd2 $1 $18) 25... Rxe1+ $4 (25... Bxd5 $2 26. Bxd5 (26. Qxe8+ Qxe8 27. Rxe8+ Rxe8 $18) 26... Rxe1+ 27. Rxe1 $18) (25... Bc3 $16 {was called for.} 26. Rxe8+ Qxe8 27. Qxe8+ Rxe8) 26. Rxe1 h6 27. Rd1 (27. Bb4 $18) 27... Ba8 (27... Qc7 $16) 28. Bb4 (28. h4 $18 {is more deadly.}) 28... Nc4 $16 {[%emt 0:00:04] ...Nb2 is the strong threat.} 29. Qxa6 Nb2 (29... Bxd5 $2 30. Rxd5 Qe8 31. Bxc4 $18) 30. Re1 Rb8 $1 31. Ba5 {[%emt 0:00:12] White is much more active.} Qd7 32. d6 $1 Bc6 {[%emt 0:00:13][%cal Oc6b5] [#] Threatens to win with ...Bb5!} 33. Bxf7+ $1 Kh7 (33... Kxf7 $2 34. Re7+ $18) (33... Kh8 $16 {was necessary.}) 34. Be6 (34. Bc7 $18 Ra8 35. Qe2 Qxf7 36. Qc2+ Nd3 37. Qxc6 (37. Qxd3+ Qg6 $16)) 34... Qxd6 35. Bf5+ Kh8 36. h4 Na4 $2 (36... Qf4 $16 {is a better chance.}) 37. Rc1 $2 (37. Re6 $18 {is the precise move to win.} Qd1+ 38. Kh2 (38. Re1 Qd6 $16)) 37... Nc5 38. Qa7 {[%emt 0:00:04] Strongly threatening Bc7.} Bxf3 $4 {[%emt 0:00:04][%mdl 8192] [#]} (38... Rb5 $16) 39. Bc7 $1 {[%emt 0:00:07] Weighted Error Value: White=0.36/Black=0.47.  Loses game:     	---       	Black=3      Missed win:     	White=2     	---        Mistake:       	White=3     	Black=4      Inaccurate:     	---       	Black=1      OK:         	White=10    	Black=11     Best:        	White=1     	Black=2      Strong:       	White=4     	Black=2} ({Weaker is} 39. Qxc5 Qxc5 40. Rxc5 Be2 $14) ({And not} 39. Rxc5 Rg8 40. Qc7 (40. gxf3 Bd4 $15) 40... Qd1+ 41. Kh2 Qd4 $11) (39. gxf3 Nb3 40. Bc7 Qf8 41. Bxb8 (41. Qxb8 Qxb8 42. Bxb8 Nxc1 $16) 41... Nxc1 $16) 1-0

[Event "CCT Julius Baer-D3 2024"]
[Site "Online"]
[Date "2024.09.27"]
[Round "2"]
[White "Moussard, Jules"]
[Black "Svane, Rasmus"]
[Result "1-0"]
[ECO "C54"]
[WhiteElo "2600"]
[BlackElo "2629"]
[Annotator "TA"]
[PlyCount "77"]
[EventDate "2024.09.25"]
[EventType "swiss"]
[EventCountry "NET"]
[SourceTitle "playchess.com"]
[Source "ChessBase"]
[SourceQuality "1"]
[TimeControl "600+2"]

1. e4 e5 2. Nf3 Nc6 3. Bc4 Bc5 4. c3 Nf6 5. d3 d6 6. Bg5 h6 7. Bh4 a6 8. a4 {[%emt 0:00:05] C54: Giuoco Piano: 4 c3 Nf6, main lines with 5 d4 and 5 d3.} Ba7 9. Nbd2 Qe7 {[%emt 0:00:07] The main line 9...Qe7 scores better than 9...g5.} 10. O-O g5 11. Bg3 Nd7 12. b4 Nf8 13. b5 Na5 14. Bd5 (14. bxa6 $11 bxa6 15. d4) 14... c6 (14... Ng6 $1 $15 15. h3 c6) 15. Ba2 (15. bxc6 {with more complications.} bxc6 16. Nc4 cxd5 17. Nxd6+ Qxd6 18. Bxe5 Qg6 19. Bxh8 dxe4 20. Ne5) 15... Ng6 16. Qb1 $5 $146 {[%emt 0:00:11][%mdl 8] New and interesting.} ({Predecessor:} 16. Kh1 h5 17. h4 gxh4 18. Bh2 Bb6 19. Qb1 Rb8 20. d4 h3 21. g3 O-O 22. Nh4 {1-0 Pichot,A (2635)-Amin,B (2682) FRA-chT Top 16 GpA 2024 (2.1)}) 16... h5 17. b6 Bb8 $1 18. Qb4 $36 {[%emt 0:00:01][%mdl 2048] White has good play.} g4 $1 19. Ne1 {[%emt 0:00:07][%cal Of2f3] Strongly threatening f3!} (19. Qxa5 gxf3 20. Nxf3 Bg4 $17 (20... h4 21. d4 $15)) (19. Nh4 $5 Nxh4 20. Bxh4 (20. Qxa5 Ng6 $11) 20... Qxh4 21. Qxa5 $11) 19... h4 {[%emt 0:00:03][%cal Oe7g5] Hoping for ...Qg5!} 20. Qxa5 f5 (20... Qg5 $11 21. Rd1 (21. f4 Qh6 $15) 21... Qh5) 21. exf5 Bxf5 {[%emt 0:00:04][%cal Od6d5] [#]} 22. d4 (22. Qb4 $142 $1) 22... hxg3 (22... Qg5 $1 $11 {remains equal.} 23. dxe5 (23. f4 Qh6 $15) 23... d5 (23... hxg3 24. exd6 Qh6 25. Bf7+ Kd8 26. fxg3 $18)) 23. fxg3 $16 Qg5 {[%emt 0:00:21] [#] And now ...Qe3+ would win.} 24. Rf2 $1 d5 {[%emt 0:00:36] [#]} 25. Bxd5 $1 cxd5 $2 (25... Qh5 $16) 26. Qxd5 $18 Ne7 ({Reject} 26... Qh5 27. Qxb7 Qxh2+ 28. Kf1 $18) (26... Qe3 {is a better defense.}) 27. Qxb7 Qh6 28. Nf1 ({Resist} 28. Qxa8 Qxh2+ 29. Kf1 O-O $18) 28... O-O {[%emt 0:01:19] aiming for ...Bd6.} 29. Qxa8 exd4 $2 (29... Qxb6 30. a5 Qa7 31. Qxa7 Bxa7) 30. Qxa6 Be5 31. cxd4 Bg7 32. Qc4+ Kh7 33. a5 Qd6 34. Rd1 Nc6 35. Qc5 Qd7 36. d5 Ne5 37. Ne3 Rc8 38. Qb4 Bg6 39. b7 1-0

[Event "CCT Julius Baer-D3 2024"]
[Site "Online"]
[Date "2024.09.27"]
[Round "2"]
[White "Bharath Subramaniyam H"]
[Black "Navara, David"]
[Result "1-0"]
[ECO "C54"]
[WhiteElo "2561"]
[BlackElo "2681"]
[Annotator "TA"]
[PlyCount "159"]
[EventDate "2024.09.25"]
[EventType "swiss"]
[EventCountry "NET"]
[SourceTitle "playchess.com"]
[Source "ChessBase"]
[SourceQuality "1"]
[TimeControl "600+2"]

1. e4 e5 2. Nf3 Nc6 3. Bc4 Bc5 4. d3 Nf6 5. O-O O-O 6. h3 h6 7. Re1 d6 8. c3 a5 9. Bb3 b5 10. d4 Bb6 11. Be3 a4 12. Bc2 exd4 13. Nxd4 Nxd4 14. cxd4 Bb7 15. Nc3 Ba5 16. Bd2 Re8 17. f3 Bb6 18. Be3 Qd7 19. Qd2 b4 20. Ne2 c5 21. Red1 Qe7 22. Ng3 cxd4 23. Bf2 d5 24. Nf5 Qf8 25. exd5 Nxd5 26. Qd3 g6 27. Nxd4 Nf4 28. Qb5 Bxd4 29. Bxd4 Re2 30. Bf2 Bxf3 31. Bd3 Rxb2 32. Qe5 Rxf2 33. Kxf2 Bxd1 34. Qxf4 Qc5+ 35. Qe3 Qh5 36. g4 Qh4+ 37. Kg2 Bxg4 38. hxg4 Qxg4+ 39. Qg3 Qxg3+ 40. Kxg3 Rc8 41. Bb5 Rc3+ 42. Kf4 b3 43. axb3 axb3 44. Rb1 Kg7 45. Ke4 h5 46. Kd4 Rg3 47. Bc4 h4 48. Bxb3 h3 49. Bd5 f5 50. Ke5 h2 51. Rb7+ Kh6 52. Kf6 Rd3 53. Rb2 Rh3 ({And not} 53... Rxd5 54. Rxh2#) 54. Bh1 Kh5 55. Rg2 f4 56. Rg5+ $1 Kh4 57. Rxg6 f3 58. Kf5 f2 59. Rg4+ Kh5 60. Rf4 Rg3 61. Rxf2 Rg5+ (61... Kh4 $11 {keeps the balance.}) 62. Kf4 Rg4+ 63. Kf3 Kg5 64. Rxh2 (64. Rb2 {is interesting.} Rh4 65. Kg3 Rh7 66. Rf2) 64... Rh4 {[%emt 0:00:05] [#]} 65. Rg2+ $1 Kf5 {[%emt 0:00:05] [#]} 66. Rg1 $1 Rh3+ 67. Ke2 Rh4 68. Bf3 Rf4 69. Ke3 Rh4 70. Ra1 Ke5 71. Ra5+ Kf6 72. Be4 Rh2 73. Kf4 Rf2+ 74. Bf3 Rb2 75. Ra6+ Ke7 76. Ke5 Rd2 77. Bd5 Re2+ 78. Be4 Re1 79. Ra7+ Ke8 80. Kd5 1-0

[Event "CCT Julius Baer-D3 2024"]
[Site "Online"]
[Date "2024.09.27"]
[Round "2"]
[White "Makarian, Rudik"]
[Black "Theodorou, Nikolas"]
[Result "1/2-1/2"]
[ECO "E16"]
[WhiteElo "2550"]
[BlackElo "2619"]
[Annotator "TA"]
[PlyCount "59"]
[EventDate "2024.09.25"]
[EventType "swiss"]
[EventCountry "NET"]
[SourceTitle "playchess.com"]
[Source "ChessBase"]
[SourceQuality "1"]
[TimeControl "600+2"]

1. d4 Nf6 2. c4 e6 3. Nf3 Bb4+ 4. Bd2 Qe7 5. g3 Bxd2+ 6. Qxd2 b6 7. Bg2 Bb7 8. O-O O-O 9. Rd1 d6 10. Qd3 Nbd7 11. Nc3 Rfe8 12. e4 e5 13. Re1 c5 14. dxc5 ({White should try} 14. d5 $16) 14... Nxc5 $11 15. Qc2 Rac8 16. Rad1 g6 17. Bh3 Rcd8 18. b4 Ne6 19. Nd5 Nxd5 20. cxd5 Ng7 21. Re3 Bc8 22. Bxc8 Rxc8 23. Rc3 Rxc3 24. Qxc3 f5 25. Nd2 Rf8 26. Kg2 Nh5 27. exf5 gxf5 28. Nf3 Qg7 29. h3 Nf6 30. Nh4 {[%emt 0:00:16] Weighted Error Value: White=0.10 (very precise) /Black=0.06 (flawless) .  Mistake:       	White=1     	---        Inaccurate:     	White=1     	Black=2      OK:         	White=9     	Black=7} 1/2-1/2

[Event "CCT Julius Baer-D3 2024"]
[Site "Online"]
[Date "2024.09.27"]
[Round "2.1"]
[White "Niemann, Hans Moke"]
[Black "Yoo, Christopher Woojin"]
[Result "1/2-1/2"]
[ECO "C42"]
[WhiteElo "2733"]
[BlackElo "2603"]
[Annotator "TA"]
[PlyCount "127"]
[EventDate "2024.09.25"]
[EventType "swiss"]
[EventCountry "NET"]
[SourceTitle "playchess.com"]
[Source "ChessBase"]
[SourceQuality "1"]
[TimeControl "600+2"]

1. e4 e5 2. Nf3 Nf6 3. Nxe5 d6 4. Nf3 Nxe4 5. Qe2 Qe7 6. g3 {[%emt 0:00:01] C42: Petroff Defence: 3 Nxe5 and unusual White 3rd moves.} Nf6 7. Bg2 Qxe2+ 8. Kxe2 Be7 9. Re1 O-O 10. Kf1 Bd8 $146 ({Predecessor:} 10... Re8 11. b4 Na6 12. a3 c6 13. Bb2 Nc7 14. Nc3 Bd7 15. d3 Bf8 16. Ne2 Nh5 {½-½ Subelj,J (2512)-Indjic,A (2589) EU-ch Rapid Zagreb 2023 (4)}) 11. d3 d5 12. Nc3 c6 13. Bf4 Bg4 14. Nd4 Bb6 15. Nb3 Nbd7 16. Na4 Rfe8 17. Nxb6 axb6 18. h3 Rxe1+ 19. Kxe1 Be6 20. Nd4 Nc5 21. Kd2 b5 22. Bd6 Ncd7 23. f4 Ne8 24. Be7 Nb6 25. f5 Nc8 26. Bg5 Bd7 27. g4 Ncd6 28. a3 b4 29. a4 $1 b6 {[%emt 0:00:17] [#]} 30. b3 $1 f6 31. Bf4 Kf7 32. Re1 g6 (32... Nc8 $16 {was worth a try.} 33. Kc1 g6) 33. fxg6+ $18 hxg6 34. Kc1 g5 35. Bd2 Nc7 36. Bxb4 c5 37. Ba3 Re8 38. Rxe8 Ndxe8 39. Ne2 Bc6 (39... Ke6 $142 40. a5 bxa5 41. Bxc5 a4 42. Nd4+ Ke5 43. bxa4 Bxa4 44. Nf3+ Ke6) 40. d4 Ne6 41. a5 bxa5 42. Bxc5 (42. dxc5 N8c7 43. Kb2 Ke7 $11) 42... N8c7 43. Nc3 $2 (43. c4 $18) 43... Nxc5 $11 44. dxc5 Ke6 45. Bf1 Ke5 46. Na2 Kd4 47. c3+ Kxc5 48. Kd2 Ne6 49. Nc1 Kd6 50. Ke3 Bd7 51. Bd3 Nf4 52. Bf1 {[%emt 0:00:00] [#]} Ng6 (52... Be6 $1 $17) 53. Kd4 f5 54. gxf5 $1 Bxf5 55. c4 dxc4 56. bxc4 Nf4 57. c5+ (57. Nb3 $1 $11) 57... Kc7 (57... Kc6 $17 {[%cal Of5e6] Hoping for ...Be6!} 58. Nb3 a4 (58... Bxh3 59. Nxa5+ Kc7 60. Bxh3 $11) 59. Na5+ Kc7) 58. Bb5 Bxh3 59. Nb3 Bd7 60. Bxd7 Kxd7 61. Nxa5 Ne6+ 62. Ke4 Nxc5+ 63. Kf5 g4 64. Kxg4 1/2-1/2